[ AOE2 MATCH · #505742428 ]
UnrankedPersians vs Aztecs
Player's team · LOSS
Rival team · WIN
[ REPLAY ANALYSIS · EXTRACTED FROM THE RECORDED GAME ]
Feudal
18:21
Castle
21:40
Imperial
40:56
| APM avg | 38.0 |
| APM peak | 77 |
| eAPM avg | 22.0 |
| Villagers / military | 141 / 107 |
Focus
⚔️ 31.8% · 🌾 68.2%
Scout Cavalry ×86 · Hand Cannoneer ×14 · Fishing Ship ×13 · Mangonel ×4 · Battering Ram ×2 · Bombard Cannon ×1
Feudal
18:41
Castle
22:21
Imperial
39:36
| APM avg | 59.7 |
| APM peak | 117 |
| eAPM avg | 25.9 |
| Villagers / military | 129 / 146 |
Focus
⚔️ 34.9% · 🌾 65.1%
Eagle Scout ×97 · Spearman ×21 · Monk ×11 · Fishing Ship ×9 · Mangonel ×8 · Scorpion ×4
Match map
Initial resources + every placement click. Lines = walls · curves = elevation contours. ◆ gold · ⬟ stone · ● berries · ✦ relic · ◌ wall gap
Your base· ✓ Closed at 21:40 · 19t walls · 1 gate(s)
Dziamdziak's base· ✓ Closed at 22:21 · 13t walls · 1 gate(s)
Smoothed initial terrain · ◌ = detected wall gap · hover for details
Inputs per minute
— NOC | Acro17 - - Dziamdziak
Build order — NOC | Acro17
First 150 of 394 actions detected
| 0:00 | Create | Villager (Male) |
| 0:00 | Create | Villager (Male) |
| 0:00 | Create | Villager (Male) |
| 0:01 | Create | Villager (Male) |
| 0:02 | Build | House |
| 0:03 | Build | House |
| 0:13 | Research | Loom |
| 0:13 | Create | Villager (Male) |
| 0:13 | Create | Villager (Male) |
| 0:14 | Create | Villager (Male) |
| 0:14 | Create | Villager (Male) |
| 2:24 | Create | Villager (Male) |
| 2:25 | Create | Villager (Male) |
| 3:00 | Create | Villager (Male) |
| 3:36 | Create | Villager (Male) |
| 4:25 | Create | Villager (Male) |
| 5:04 | Create | Villager (Male) |
| 5:28 | Create | Villager (Male) |
| 5:31 | Build | House |
| 5:59 | Create | Villager (Male) |
| 6:18 | Create | Villager (Male) |
| 6:42 | Create | Villager (Male) |
| 7:10 | Create | Villager (Male) |
| 7:29 | Create | Villager (Male) |
| 7:29 | Create | Villager (Male) |
| 7:30 | Build | House |
| 8:09 | Create | Villager (Male) |
| 8:33 | Create | Villager (Male) |
| 8:33 | Create | Villager (Male) |
| 8:57 | Create | Villager (Male) |
| 9:14 | Create | Villager (Male) |
| 9:30 | Build | Lumber Camp |
| 10:10 | Create | Villager (Male) |
| 10:10 | Create | Villager (Male) |
| 10:11 | Create | Villager (Male) |
| 11:00 | Build | Mill |
| 11:21 | Create | Villager (Male) |
| 11:21 | Create | Villager (Male) |
| 11:30 | Build | Dock |
| 11:40 | Build | Palisade Wall |
| 11:54 | Create | Villager (Male) |
| 11:54 | Create | Villager (Male) |
| 11:55 | Create | Villager (Male) |
| 11:55 | Create | Villager (Male) |
| 12:08 | Build | Palisade Gate |
| 12:14 | Build | Palisade Wall |
| 12:26 | Create | Fishing Ship |
| 12:31 | Build | House |
| 12:33 | Create | Villager (Male) |
| 12:33 | Create | Villager (Male) |
| 12:40 | Build | Palisade Wall |
| 12:55 | Create | Fishing Ship |
| 12:58 | Create | Villager (Male) |
| 13:18 | Build | Palisade Wall |
| 13:23 | Build | Palisade Wall |
| 13:25 | Build | Palisade Wall |
| 13:26 | Build | Palisade Wall |
| 13:54 | Create | Villager (Male) |
| 13:54 | Create | Villager (Male) |
| 14:22 | Create | Villager (Male) |
| 14:23 | Create | Villager (Male) |
| 14:24 | Build | House |
| 14:49 | Build | Palisade Wall |
| 14:50 | Build | Palisade Wall |
| 14:51 | Build | Palisade Wall |
| 15:09 | Build | Palisade Wall |
| 15:11 | Build | Palisade Wall |
| 15:19 | Build | Palisade Wall |
| 15:21 | Build | Palisade Wall |
| 15:33 | Build | House |
| 15:35 | Build | Farm |
| 15:35 | Build | Farm |
| 15:36 | Create | Fishing Ship |
| 15:36 | Create | Fishing Ship |
| 15:38 | Build | Farm |
| 15:40 | Build | Farm |
| 15:48 | Create | Villager (Male) |
| 15:59 | Build | Mining Camp |
| 16:18 | Research | Feudal Age |
| 16:46 | Create | Fishing Ship |
| 17:01 | Create | Fishing Ship |
| 17:03 | Create | Villager (Male) |
| 17:03 | Create | Villager (Male) |
| 17:56 | Build | House |
| 18:21 | Age | Feudal Age |
| 18:26 | Build | Market |
| 18:30 | Build | Blacksmith |
| 19:15 | Research | Castle Age |
| 19:18 | Research | Double-Bit Axe |
| 19:26 | Research | Horse Collar |
| 19:56 | Build | Outpost |
| 19:58 | Research | Town Watch |
| 20:27 | Create | Fishing Ship |
| 20:28 | Create | Fishing Ship |
| 20:31 | Research | Tech 906 |
| 20:41 | Build | Farm |
| 21:00 | Create | Villager (Male) |
| 21:11 | Build | Fish Trap |
| 21:25 | Build | House |
| 21:40 | Age | Castle Age |
| 21:41 | Build | Town Center |
| 22:05 | Create | Villager (Male) |
| 22:13 | Research | Bow Saw |
| 22:20 | Build | Fish Trap |
| 22:23 | Build | Fish Trap |
| 22:29 | Build | Fish Trap |
| 22:31 | Create | Villager (Male) |
| 22:34 | Build | Fish Trap |
| 22:43 | Build | Fish Trap |
| 22:54 | Create | Villager (Male) |
| 23:02 | Create | Villager (Male) |
| 23:08 | Research | Gillnets |
| 23:09 | Create | Fishing Ship |
| 23:11 | Create | Villager (Male) |
| 23:11 | Create | Villager (Male) |
| 23:11 | Create | Villager (Male) |
| 23:11 | Create | Villager (Male) |
| 23:37 | Create | Villager (Male) |
| 23:37 | Create | Villager (Male) |
| 23:42 | Build | Stone Wall |
| 23:49 | Create | Fishing Ship |
| 23:53 | Build | Dock |
| 23:59 | Build | Farm |
| 24:01 | Build | Farm |
| 24:02 | Build | Farm |
| 24:10 | Build | House |
| 24:11 | Build | House |
| 24:12 | Build | House |
| 24:15 | Build | Fish Trap |
| 24:22 | Create | Villager (Male) |
| 24:22 | Create | Villager (Male) |
| 24:22 | Create | Villager (Male) |
| 24:23 | Create | Villager (Male) |
| 24:34 | Build | Barracks |
| 24:50 | Create | Fishing Ship |
| 24:51 | Create | Villager (Male) |
| 24:51 | Create | Villager (Male) |
| 24:52 | Build | House |
| 25:01 | Research | Forging |
| 25:05 | Build | Fish Trap |
| 25:16 | Build | Stable |
| 25:25 | Build | House |
| 25:29 | Build | Stable |
| 25:43 | Create | Villager (Male) |
| 25:43 | Create | Villager (Male) |
| 25:48 | Create | Scout Cavalry |
| 25:52 | Build | Farm |
| 26:00 | Build | Watch Tower |
| 26:05 | Build | Watch Tower |
| 26:09 | Build | University |
Build order — Dziamdziak
First 150 of 446 actions detected
| 0:00 | Create | Villager (Male) |
| 0:00 | Create | Villager (Male) |
| 0:02 | Build | House |
| 0:03 | Build | House |
| 0:24 | Research | Loom |
| 0:24 | Create | Villager (Male) |
| 0:25 | Create | Villager (Male) |
| 1:50 | Create | Villager (Male) |
| 2:30 | Create | Villager (Male) |
| 3:07 | Create | Villager (Male) |
| 3:07 | Create | Villager (Male) |
| 3:46 | Create | Villager (Male) |
| 4:05 | Create | Villager (Male) |
| 4:22 | Build | House |
| 4:41 | Create | Villager (Male) |
| 5:12 | Build | Lumber Camp |
| 5:26 | Create | Villager (Male) |
| 5:26 | Create | Villager (Male) |
| 5:55 | Create | Villager (Male) |
| 6:17 | Create | Villager (Male) |
| 6:51 | Create | Villager (Male) |
| 7:21 | Create | Villager (Male) |
| 7:36 | Build | House |
| 7:43 | Create | Villager (Male) |
| 8:31 | Create | Villager (Male) |
| 8:32 | Create | Villager (Male) |
| 9:00 | Create | Villager (Male) |
| 9:13 | Build | Palisade Wall |
| 9:20 | Create | Villager (Male) |
| 9:35 | Create | Villager (Male) |
| 10:15 | Create | Villager (Male) |
| 10:22 | Create | Villager (Male) |
| 10:43 | Create | Villager (Male) |
| 10:56 | Build | Palisade Wall |
| 10:57 | Build | Palisade Wall |
| 11:09 | Create | Villager (Male) |
| 11:14 | Build | Mill |
| 11:23 | Build | Palisade Wall |
| 11:30 | Create | Villager (Male) |
| 11:49 | Build | Palisade Gate |
| 12:09 | Build | Palisade Gate |
| 12:23 | Create | Villager (Male) |
| 12:27 | Build | Dock |
| 12:45 | Create | Villager (Male) |
| 12:46 | Build | House |
| 13:02 | Create | Villager (Male) |
| 13:10 | Build | Palisade Gate |
| 13:26 | Create | Fishing Ship |
| 13:29 | Create | Villager (Male) |
| 13:46 | Create | Villager (Male) |
| 14:06 | Create | Villager (Male) |
| 14:08 | Create | Fishing Ship |
| 14:11 | Build | House |
| 14:36 | Create | Villager (Male) |
| 14:41 | Create | Fishing Ship |
| 14:44 | Build | Mining Camp |
| 15:14 | Build | Farm |
| 15:15 | Build | Farm |
| 15:17 | Build | Farm |
| 15:27 | Build | Palisade Wall |
| 15:36 | Create | Villager (Male) |
| 16:00 | Create | Villager (Male) |
| 16:16 | Create | Fishing Ship |
| 16:31 | Research | Feudal Age |
| 17:02 | Build | Lumber Camp |
| 17:08 | Create | Fishing Ship |
| 17:11 | Build | House |
| 18:08 | Build | Palisade Wall |
| 18:20 | Create | Fishing Ship |
| 18:39 | Create | Villager (Male) |
| 18:41 | Age | Feudal Age |
| 18:44 | Build | Market |
| 18:48 | Build | Blacksmith |
| 19:02 | Create | Fishing Ship |
| 19:03 | Research | Tech 906 |
| 19:05 | Research | Double-Bit Axe |
| 19:05 | Research | Double-Bit Axe |
| 19:13 | Create | Villager (Male) |
| 19:41 | Research | Castle Age |
| 20:01 | Build | Barracks |
| 20:27 | Build | House |
| 20:32 | Build | House |
| 20:44 | Research | Gold Mining |
| 20:49 | Build | Fish Trap |
| 20:52 | Build | Fish Trap |
| 21:02 | Create | Spearman |
| 21:21 | Build | Fish Trap |
| 21:23 | Build | Fish Trap |
| 21:26 | Build | Fish Trap |
| 21:33 | Create | Spearman |
| 22:21 | Age | Castle Age |
| 22:23 | Build | Siege Workshop |
| 22:28 | Build | Monastery |
| 22:37 | Build | Outpost |
| 22:40 | Create | Villager (Male) |
| 22:41 | Research | Town Watch |
| 22:52 | Research | Bow Saw |
| 23:03 | Create | Villager (Male) |
| 23:08 | Create | Mangonel |
| 23:10 | Create | Monk |
| 23:23 | Build | House |
| 23:41 | Build | Monastery |
| 23:49 | Build | House |
| 23:51 | Create | Villager (Male) |
| 24:01 | Create | Mangonel |
| 24:04 | Research | Redemption |
| 24:24 | Research | Fervor |
| 24:28 | Build | House |
| 24:29 | Create | Villager (Male) |
| 24:43 | Create | Spearman |
| 24:59 | Create | Monk |
| 25:00 | Create | Spearman |
| 25:03 | Create | Villager (Male) |
| 25:11 | Build | Town Center |
| 25:25 | Build | House |
| 25:26 | Create | Villager (Male) |
| 25:30 | Build | Fish Trap |
| 25:31 | Research | Gillnets |
| 25:50 | Create | Mangonel |
| 25:52 | Create | Villager (Male) |
| 25:57 | Create | Monk |
| 26:05 | Build | Palisade Gate |
| 26:08 | Build | Palisade Gate |
| 26:14 | Build | Fish Trap |
| 26:15 | Create | Villager (Male) |
| 26:16 | Create | Villager (Male) |
| 26:24 | Build | Mining Camp |
| 26:36 | Research | Sanctity |
| 26:44 | Build | Outpost |
| 26:58 | Create | Monk |
| 26:59 | Create | Villager (Male) |
| 26:59 | Create | Villager (Male) |
| 26:59 | Create | Villager (Male) |
| 27:01 | Create | Spearman |
| 27:50 | Create | Villager (Male) |
| 27:50 | Create | Villager (Male) |
| 27:50 | Create | Villager (Male) |
| 27:56 | Create | Monk |
| 27:56 | Create | Monk |
| 28:08 | Create | Villager (Male) |
| 28:10 | Create | Villager (Male) |
| 28:11 | Build | Farm |
| 28:12 | Build | Farm |
| 28:13 | Build | Farm |
| 28:24 | Create | Villager (Male) |
| 28:42 | Create | Villager (Male) |
| 28:43 | Create | Spearman |
| 28:43 | Create | Spearman |
| 28:58 | Create | Villager (Male) |
| 28:59 | Create | Villager (Male) |
Match timeline
| 9:13 | Dziamdziak · wall_segment Palisade Wall x7 |
| 10:56 | Dziamdziak · wall_segment Palisade Wall x1 |
| 10:57 | Dziamdziak · wall_segment Palisade Wall x1 |
| 11:23 | Dziamdziak · wall_segment Palisade Wall x1 |
| 11:30 | NOC | Acro17 · first_building Dock |
| 11:40 | NOC | Acro17 · wall_segment Palisade Wall x6 |
| 12:14 | NOC | Acro17 · wall_segment Palisade Wall x1 |
| 12:27 | Dziamdziak · first_building Dock |
| 12:40 | NOC | Acro17 · wall_segment Palisade Wall x1 |
| 13:18 | NOC | Acro17 · wall_segment Palisade Wall x1 |
| 13:23 | NOC | Acro17 · wall_segment Palisade Wall x1 |
| 13:25 | NOC | Acro17 · wall_segment Palisade Wall x1 |
| 13:26 | NOC | Acro17 · wall_segment Palisade Wall x1 |
| 14:49 | NOC | Acro17 · wall_segment Palisade Wall x1 |
| 14:50 | NOC | Acro17 · wall_segment Palisade Wall x1 |
| 14:51 | NOC | Acro17 · wall_segment Palisade Wall x1 |
| 15:09 | NOC | Acro17 · wall_segment Palisade Wall x1 |
| 15:11 | NOC | Acro17 · wall_segment Palisade Wall x1 |
| 15:19 | NOC | Acro17 · wall_segment Palisade Wall x1 |
| 15:21 | NOC | Acro17 · wall_segment Palisade Wall x1 |
| 15:27 | Dziamdziak · wall_segment Palisade Wall x3 |
| 18:08 | Dziamdziak · wall_segment Palisade Wall x1 |
| 18:21 | NOC | Acro17 · age_up feudal |
| 18:41 | Dziamdziak · age_up feudal |
| 20:01 | Dziamdziak · first_building Barracks |
| 21:40 | NOC | Acro17 · age_up castle |
| 22:21 | Dziamdziak · age_up castle |
| 22:23 | Dziamdziak · first_building Siege Workshop |
| 22:28 | Dziamdziak · first_building Monastery |
| 23:42 | NOC | Acro17 · wall_segment Stone Wall x8 |
| 24:34 | NOC | Acro17 · first_building Barracks |
| 24:59 | NOC | Acro17 · first_market_buy 100 food |
| 25:16 | NOC | Acro17 · first_building Stable |
| 30:41 | NOC | Acro17 · first_market_sell 100 wood |
| 36:25 | Dziamdziak · first_market_sell 100 wood |
| 36:25 | NOC | Acro17 · first_building Siege Workshop |
| 38:04 | NOC | Acro17 · first_building Archery Range |
| 39:36 | Dziamdziak · age_up imperial |
| 40:27 | Dziamdziak · first_market_buy 100 stone |
| 40:37 | Dziamdziak · first_building Castle |
| 40:56 | NOC | Acro17 · age_up imperial |
| 45:29 | Dziamdziak · first_building Archery Range |
| 45:44 | NOC | Acro17 · wall_segment Stone Wall x1 |
| 45:47 | NOC | Acro17 · wall_segment Stone Wall x1 |
| 47:29 | NOC | Acro17 · resign |
[ AI ANALYSIS · 1 CREDIT ]
What really happened in this match?
Wolo.gg analyzes every decision: build order, eco, micro, common mistakes by bracket. Personalized analysis on WhatsApp or Discord in 30 seconds.
Civ guide
Persians
Perfil
Jugador #907793